 Dungeon Crawl Stone Soup version 0.20.1-1-g8b1a95d (webtiles) character file.

227 Linguinho the Covered (level 5, -1/41 HPs)
             Began as a Demonspawn Fighter on Nov 12, 2017.
             Slain by a gnoll
             ... wielding a +0 flail
              (2 damage)
             ... on level 3 of the Dungeon.
             The game lasted 00:05:22 (3915 turns).

Linguinho the Covered (Demonspawn Fighter)          Turns: 3915, Time: 00:05:23

Health: -1/41      AC:  7    Str: 17    XL:     5   Next: 70%
Magic:  5/5        EV:  9    Int:  9    God:
Gold:   200        SH:  0    Dex: 13    Spells: 4/4 levels left

rFire    . . .     SeeInvis .   m - +2 spear (pain)
rCold    . . .     Gourm    .   (no shield)
rNeg     . . .     Faith    .   b - +0 scale mail
rPois    .         Spirit   .   (helmet restricted)
rElec    .         Reflect  .   (no cloak)
rCorr    .         Harm     .   (no gloves)
MR       .....                  (no boots)
Stlth    ..........             (no amulet)
Regen    0.2/turn               (no ring)
MPRegen  0.1/turn               (no ring)

@: lethally poisoned (-1 -> -6)
A: antennae 1, rot immunity
a: no special abilities


You were on level 3 of the Dungeon.
You were hungry.

You visited 1 branch of the dungeon, and saw 5 of its levels.

You collected 200 gold pieces.

Inventory:

Hand Weapons
 a - a +0 war axe
 m - a +2 spear of pain (weapon)
Armour
 b - a +0 scale mail (worn)
 c - a +0 shield
 r - a +1 robe of cold resistance
 s - a cursed +0 robe
Scrolls
 e - 5 scrolls of identify {unknown}
 g - 3 scrolls of recharging {unknown}
 h - 3 scrolls of remove curse {unknown}
 k - a scroll of amnesia {unknown}
 n - a scroll of enchant armour {unknown}
Potions
 d - a potion of might
 j - 3 potions of curing {unknown}
 l - a potion of invisibility {unknown}
 o - a potion of ambrosia {unknown}
 p - 2 potions of heal wounds {unknown}
Comestibles
 f - 4 bread rations
 i - a royal jelly
 q - a meat ration


   Skills:
 + Level 3.5 Fighting
 + Level 2.2(2.8) Axes
 + Level 2.5(3.0) Polearms
 + Level 3.9 Armour
 + Level 0.6 Dodging
 + Level 0.2 Stealth
 + Level 3.3 Shields


You had 4 spell levels left.
You didn't know any spells.

Dungeon Overview and Level Annotations

Branches:
Dungeon (5/15)             Temple (0/1) D:5

Altars:


Innate Abilities, Weirdness & Mutations

You have a pair of small antennae on your head.
You are immune to rotting.


Message History

You barely miss the gnoll.
You feel sick. The gnoll barely misses you.
You hit the gnoll.
The gnoll is moderately wounded.
You feel sick. The gnoll hits you but does no damage.
You hit the gnoll.
The gnoll is heavily wounded.
You feel sick. The gnoll hits you with a flail.
You hit the gnoll but do no damage.
The gnoll is heavily wounded.
The gnoll hits you with a flail!
* * * LOW HITPOINT WARNING * * *
You hit the gnoll.
The gnoll is severely wounded.
* * * LOW HITPOINT WARNING * * *
You feel sick.
You hit the gnoll but do no damage.
The gnoll is severely wounded.
* * * LOW HITPOINT WARNING * * *
You feel sick. The gnoll hits you with a flail.
You die...

....# #......#.#.......##.#..#
....# #......#.#..#..####.####
....# #......#.##.#..# #.######
....# #........##.#..####.......
....#########.####...............
..............#####..############
........######....<..#######
...#.#########.#####.......#
...#............@g..>#####.#
...###########.#####.# #.#
...........#.......#.# #.#
#####...........##.#.# #.#
#####.##.#.......#.#.# #.######
...##....##..###.#.#.# #.......
##.########..# #...#.# ########
#.# #..# ###.#.# #.# #..#######.#


You could see a gnoll.

Vanquished Creatures
  A scorpion (D:5)
  An orc wizard (D:3)
  A worker ant (D:3)
  4 adders
  8 worms
  A dart slug (D:1)
  3 leopard geckos
  2 orcs (D:3)
  3 ball pythons
  3 giant cockroaches
  8 goblins
  6 hobgoblins
  6 jackals
  A quokka (D:2)
  8 bats
  5 frilled lizards
  4 kobolds
  6 rats
71 creatures vanquished.

Notes
Turn   | Place    | Note
-------+----------+-------------------------------------------
     0 | D:1      | Linguinho the Demonspawn Fighter began the quest for the Orb.
     0 | D:1      | Reached XP level 1. HP: 18/18 MP: 1/1
   108 | D:1      | Gained mutation: You are immune to rotting. [demonic ancestry]
   108 | D:1      | Reached XP level 2. HP: 24/24 MP: 2/2
   807 | D:1      | Reached XP level 3. HP: 25/29 MP: 3/3
  1432 | D:2      | Reached XP level 4. HP: 35/35 MP: 4/4
  1569 | D:2      | Reached skill level 1 in Polearms
  2215 | D:3      | You fall through a shaft for 2 floors!
  2215 | D:5      | Entered Level 5 of the Dungeon
  2231 | D:5      | Gained mutation: You have a pair of small antennae on your head. [demonic ancestry]
  2231 | D:5      | Reached XP level 5. HP: 14/41 MP: 5/5
  2372 | D:5      | Found a staircase to the Ecumenical Temple.
  2373 | D:5      | Noticed a centaur
  3913 | D:3      | HP: 2/41 [gnoll/flail (13)]
  3915 | D:3      | Slain by a gnoll

Skill      XL: |  1  2  3  4  5 |
---------------+----------------+-----
Shields        | 3 |  3.3
Armour         | 3 |  3.9
Axes           | 2 |  2.2
Polearms       | 1 2 |  2.5
Fighting       | |  3.5
Dodging        | |  0.6
Stealth        | |  0.2

Action                   |  1- 3 |  4- 6 || total
-------------------------+-------+-------++-------
Melee: War axe           |    97 |       ||    97
       Spear             |    52 |   183 ||   235
  Eat: Chunk             |     2 |     7 ||     9
Armor: Scale mail        |    83 |    45 ||   128
Dodge: Dodged            |    33 |    51 ||    84
Block: Shield            |    45 |       ||    45
